Punishers vs Staline
(R1)
Created - 24 mars 2014 at 19:04
Goals
|
| Punishers |
1 |
0 |
2 |
0 |
2 |
4 |
| Staline |
0 |
2 |
1 |
0 |
0 |
3 |
|
Shots
|
| Punishers |
8 |
16 |
14 |
2 |
3 |
40 |
| Staline |
8 |
7 |
18 |
2 |
2 |
35 |
|
1st period
1. Punishers , Adam Pineault 10 (Kris Chucko) at 1:47
Penalties :
Brandon McMillan (Pro) for Hooking (Minor) at 8:48, Tom Gilbert (Pro) for Hooking (Minor) at 12:08
2nd period
2. Staline , Robert Dome 41 (Dave Scatchard, Cam Janssen) at 13:19
3. Staline , Mason Raymond 16 (T.J. Fast, Robert Dome) at 14:28 (PP)
Penalties :
Theo Peckham (StJ) for Tripping (Minor) at 1:02, Theo Peckham (StJ) for Hooking (Minor) at 4:06, Dave Scatchard (StJ) for Tripping (Minor) at 8:34, Alyn McCauley (Pro) for Roughing (Minor) at 13:34, Devin Setoguchi (StJ) for Tripping (Minor) at 17:32
3rd period
4. Punishers , Chris Conner 33 (Mark Fraser) at 13:44
5. Staline , J.T. Wyman 15 (Theo Peckham, Zac Rinaldo) at 17:13
6. Punishers , Jere Lehtinen 14 (Jason Demers, Alyn McCauley) at 19:46
Penalties :
Tom Gilbert (Pro) for Holding (Minor) at 11:38, Jean-Luc Grand-Pierre (Pro) for Tripping (Minor) at 14:43, Theo Peckham (StJ) for Delaying the game (Minor) at 19:49
Overtime #1
No Goal
Penalties :
No Penalty
Shootout
Penalty Shot by Jere Lehtinen for Punishers - Stopped by Tobias Stephan
Penalty Shot by Yan Stastny for Staline - Shot Misses the Net
Penalty Shot by Mike Grier for Punishers - Goal!
Penalty Shot by Dave Scatchard for Staline - Shot Misses the Net
Penalty Shot by Alyn McCauley for Punishers - Goal!
Penalties :
No Penalty
Goalie Stats
Karri Ramo (Pro), 32 saves from 35 shots - (0,914), W, 35-16-2, 64:18 minutes
Tobias Stephan (StJ), 37 saves from 40 shots - (0,925), OTL, 15-9-4, 65:00 minutes
Players Stats for Punishers
Player Name G A P +/- PIM S H SB GA TA FO MP PP MP PK MP
------------------------------------------------------------------------------------
Adam McQuaid 0 0 0 0 0 0 1 1 1 0 0/0 7:41 0:02 2:48
Adam Pineault 1 0 1 0 0 5 0 0 0 1 0/0 8:46 0:02 0:00
Alyn McCauley 0 1 1 1 2 3 2 0 0 0 15/33 23:20 4:35 2:53
Brandon McMillan 0 0 0 0 2 0 0 0 0 0 0/0 7:08 0:00 0:00
Chris Conner 1 0 1 0 0 2 3 0 1 0 2/2 11:37 0:02 0:00
Jason Demers 0 1 1 1 0 1 1 2 1 2 0/0 29:18 4:14 5:10
Jean-Luc Grand-Pierre 0 0 0 0 2 4 0 2 0 2 0/0 21:24 3:52 2:37
Jere Lehtinen 1 0 1 1 0 8 2 0 0 0 6/11 26:05 4:35 4:27
Jimmie Olvestad 0 0 0 0 0 1 3 0 0 0 1/1 16:06 3:29 1:20
John Mitchell 0 0 0 0 0 0 0 0 0 0 8/12 14:29 3:29 0:00
Justin Falk 0 0 0 0 0 0 0 0 0 1 0/0 10:34 0:00 0:55
Kris Chucko 0 1 1 0 0 1 0 2 0 0 0/1 6:56 0:00 0:00
Marc-André Bergeron 0 0 0 -1 0 1 0 0 0 1 0/0 18:15 3:52 0:00
Mark Fraser 0 1 1 1 0 1 2 0 0 0 0/0 12:42 0:00 3:29
Mike Grier 0 0 0 0 0 1 2 0 0 1 0/1 21:14 3:29 4:22
Mike Weber 0 0 0 0 0 0 0 0 0 0 0/0 4:21 0:00 0:00
Petteri Nokelainen 0 0 0 0 0 1 1 0 0 0 4/5 9:46 0:00 0:00
Tanner Glass 0 0 0 0 0 1 2 1 0 1 1/1 12:33 0:00 2:17
Tom Gilbert 0 0 0 1 4 4 2 2 0 0 0/0 26:14 4:14 2:41
Viktor Stalberg 0 0 0 1 0 6 2 0 2 0 0/1 22:36 4:35 2:21
Players Stats for Staline
Player Name G A P +/- PIM S H SB GA TA FO MP PP MP PK MP
------------------------------------------------------------------------------------
Brandon Prust 0 0 0 -1 0 4 1 2 0 0 0/0 13:38 0:08 1:25
Cam Janssen 0 1 1 -1 0 2 1 0 1 1 0/1 12:51 0:08 0:00
Dave Scatchard 0 1 1 1 2 1 2 0 0 0 5/7 19:49 4:06 3:35
Devin Setoguchi 0 0 0 -1 2 3 2 1 2 1 1/5 20:57 4:36 1:13
J.T. Wyman 1 0 1 -1 0 3 0 1 0 0 0/1 10:32 0:08 2:52
James Sheppard 0 0 0 0 0 3 0 0 0 0 0/1 6:49 0:00 0:00
Josh Gorges 0 0 0 -1 0 1 3 1 1 1 0/0 32:17 5:27 6:29
Mason Raymond 1 0 1 -1 0 4 2 0 0 0 1/1 21:48 4:36 2:03
Mathieu Perreault 0 0 0 0 0 2 0 1 0 0 3/5 11:13 0:00 0:00
Matt Generous 0 0 0 0 0 0 1 0 0 0 0/0 10:54 0:00 0:00
Robert Dome 1 1 2 1 0 1 0 0 1 0 0/3 14:08 4:06 0:00
Stu Bickel 0 0 0 0 0 2 4 2 0 0 0/0 22:52 3:23 3:58
T.J. Fast 0 1 1 -1 0 1 1 2 2 1 0/0 31:51 5:27 5:57
T.J. Oshie 0 0 0 1 0 0 2 1 1 0 1/1 14:08 4:06 0:00
Theo Peckham 0 1 1 0 6 3 0 1 0 0 0/0 20:35 3:23 1:37
Tyler Cuma 0 0 0 0 0 0 0 0 0 1 0/0 12:15 0:00 1:49
Yan Stastny 0 0 0 -1 0 4 4 0 1 0 18/39 25:47 4:36 6:06
Zac Rinaldo 0 1 1 0 0 1 3 0 0 0 2/4 7:36 0:00 0:47
3 Stars
1 - Robert Dome (StJ)
2 - Jere Lehtinen (Pro)
3 - Chris Conner (Pro)
Power Play
Punishers - 0 on 5 Attempt(s) - 0,00%
Staline - 1 on 5 Attempt(s) - 20,00%
Penalty Kill
Punishers - 4 on 5 Attempt(s) - 80,00%
- Score 0 goal in Penalty Kill
Staline - 5 on 5 Attempt(s) - 100,00%
- Score 0 goal in Penalty Kill
Official
Referees : Fraser Kerry and Martell Rob
Linesman : Mark Shewchyk and Greg Devorski
Game Notes
No Game Note
Finance
Level 1 -- Attendance: 1602 (80,10%) -- Ticket Income 56 070 $
Level 2 -- Attendance: 692 (69,20%) -- Ticket Income 10 380 $
Total Attendance: 2294 (76,47%)
Total Ticket Income: 66 450 $
Other Income: 3 322 $
Total Income: 69 772 $
Punishers
5 vs 5 Forward
Center Left Wing Right Wing Time % Phy DF OF
1 Alyn McCauley Viktor Stalberg Jere Lehtinen 40 1 2 2
2 John Mitchell Jimmie Olvestad Mike Grier 30 1 2 2
3 Petteri Nokelainen Tanner Glass Chris Conner 20 1 2 2
4 Brandon McMillan Kris Chucko Adam Pineault 10 1 2 2
5 vs 5 Defense
Defense Defense Time % Phy DF OF
1 Tom Gilbert Jason Demers 40 1 2 2
2 Marc-André Bergeron Jean-Luc Grand-Pierre 30 1 2 2
3 Justin Falk Mark Fraser 20 1 2 2
4 Mike Weber Adam McQuaid 10 1 2 2
PowerPlay Forward
Center Left Wing Right Wing Time % Phy DF OF
1 Alyn McCauley Viktor Stalberg Jere Lehtinen 60 1 2 2
2 John Mitchell Jimmie Olvestad Mike Grier 40 1 2 2
PowerPlay Defense
Defense Defense Time % Phy DF OF
1 Tom Gilbert Jason Demers 60 1 2 2
2 Jean-Luc Grand-Pierre Marc-André Bergeron 40 1 2 2
Penalty Kill 4 Players Forward
Center Wing Time % Phy DF OF
1 Jere Lehtinen Mike Grier 60 1 2 2
2 Alyn McCauley Viktor Stalberg 40 1 2 2
Penalty Kill 4 Players Defense
Defense Defense Time % Phy DF OF
1 Tom Gilbert Jason Demers 60 1 2 2
2 Jean-Luc Grand-Pierre Mark Fraser 40 1 2 2
Penalty Kill - 3 Players Forward
Forward Time % Phy DF OF
1 Jere Lehtinen 60 1 2 2
2 Mike Grier 40 1 2 2
Penalty Kill - 3 Players Defense
Defense Defense Time % Phy DF OF
1 Tom Gilbert Jason Demers 60 1 2 2
2 Jean-Luc Grand-Pierre Mark Fraser 40 1 2 2
4 vs 4 Forward
Center Wing Time % Phy DF OF
1 Jere Lehtinen Mike Grier 60 1 2 2
2 Alyn McCauley Viktor Stalberg 40 1 2 2
4 vs 4 Defense
Defense Defense Time % Phy DF OF
1 Tom Gilbert Jason Demers 60 1 2 2
2 Jean-Luc Grand-Pierre Marc-André Bergeron 40 1 2 2
Last Minutes Offensive
Center Left Wing Right Wing Defense Defense
Alyn McCauley Viktor Stalberg Jere Lehtinen Tom Gilbert Jason Demers
Last Minutes Defensive
Center Left Wing Right Wing Defense Defense
Alyn McCauley Viktor Stalberg Jere Lehtinen Tom Gilbert Jason Demers
Goaltenders
Starting : Karri Ramo
Backup : Kevin Poulin
Extra Forwards
Normal : Chris Conner, Adam Pineault, Tanner Glass - PP : Chris Conner, Adam Pineault - PK : Tanner Glass
Extra Defensemen
Normal : Mike Weber, Adam McQuaid, Justin Falk - PP : Mike Weber - PK : Adam McQuaid, Justin Falk
Penalty Shots
Jere Lehtinen, Mike Grier, Alyn McCauley, Viktor Stalberg, Jimmie Olvestad
Staline
5 vs 5 Forward
Center Left Wing Right Wing Time % Phy DF OF
1 Yan Stastny Mason Raymond Devin Setoguchi 40 1 2 2
2 Dave Scatchard Robert Dome T.J. Oshie 30 1 2 2
3 Mathieu Perreault Brandon Prust Cam Janssen 20 1 2 2
4 Zac Rinaldo James Sheppard J.T. Wyman 10 1 2 2
5 vs 5 Defense
Defense Defense Time % Phy DF OF
1 Josh Gorges T.J. Fast 40 1 2 2
2 Stu Bickel Theo Peckham 30 1 2 2
3 Matt Generous Tyler Cuma 20 1 2 2
4 Josh Gorges T.J. Fast 10 1 2 2
PowerPlay Forward
Center Left Wing Right Wing Time % Phy DF OF
1 Yan Stastny Mason Raymond Devin Setoguchi 60 1 2 2
2 Dave Scatchard Robert Dome T.J. Oshie 40 1 2 2
PowerPlay Defense
Defense Defense Time % Phy DF OF
1 Josh Gorges T.J. Fast 60 1 2 2
2 Stu Bickel Theo Peckham 40 1 2 2
Penalty Kill 4 Players Forward
Center Wing Time % Phy DF OF
1 Yan Stastny Dave Scatchard 60 1 2 2
2 Devin Setoguchi Mason Raymond 40 1 2 2
Penalty Kill 4 Players Defense
Defense Defense Time % Phy DF OF
1 Josh Gorges T.J. Fast 60 1 2 2
2 Stu Bickel Theo Peckham 40 1 2 2
Penalty Kill - 3 Players Forward
Forward Time % Phy DF OF
1 Yan Stastny 60 1 2 2
2 Dave Scatchard 40 1 2 2
Penalty Kill - 3 Players Defense
Defense Defense Time % Phy DF OF
1 Josh Gorges T.J. Fast 60 1 2 2
2 Stu Bickel Theo Peckham 40 1 2 2
4 vs 4 Forward
Center Wing Time % Phy DF OF
1 Yan Stastny Dave Scatchard 60 1 2 2
2 Devin Setoguchi Mason Raymond 40 1 2 2
4 vs 4 Defense
Defense Defense Time % Phy DF OF
1 Josh Gorges T.J. Fast 60 1 2 2
2 Stu Bickel Theo Peckham 40 1 2 2
Last Minutes Offensive
Center Left Wing Right Wing Defense Defense
Yan Stastny Mason Raymond Devin Setoguchi Josh Gorges T.J. Fast
Last Minutes Defensive
Center Left Wing Right Wing Defense Defense
Yan Stastny Mason Raymond Devin Setoguchi Josh Gorges T.J. Fast
Goaltenders
Starting : Tobias Stephan
Backup : Erik Ersberg
Extra Forwards
Normal : Cam Janssen, Brandon Prust, J.T. Wyman - PP : Cam Janssen, Brandon Prust - PK : J.T. Wyman
Extra Defensemen
Normal : Matt Generous, Tyler Cuma, Stu Bickel - PP : Matt Generous - PK : Tyler Cuma, Stu Bickel
Penalty Shots
Yan Stastny, Dave Scatchard, Devin Setoguchi, Mason Raymond, Robert Dome
% Time on Ice - Punishers
Lines # - Real PCT - Wanted PCT - Time Play
Normal Forward
1 - 34% - 40% - 14:23
2 - 26% - 30% - 11:00
3 - 23% - 20% - 9:46
4 - 16% - 10% - 6:56
Normal Defense
1 - 39% - 40% - 16:26
2 - 31% - 30% - 13:15
3 - 21% - 20% - 8:43
4 - 9% - 10% - 3:41
PP Forward
1 - 57% - 60% - 4:37
2 - 43% - 40% - 3:29
PP Defense
1 - 52% - 60% - 4:14
2 - 48% - 40% - 3:52
PK Forward
1 - 73% - 60% - 6:29
2 - 27% - 40% - 2:21
PK Defense
1 - 58% - 60% - 5:10
2 - 42% - 40% - 3:40
PK3 Forward
1 - 0% - 60%
2 - 0% - 40%
PK3 Defense
1 - 0% - 60%
2 - 0% - 40%
44 Forward
1 - 80% - 60% - 3:59
2 - 20% - 40% - 1:01
44 Defense
1 - 66% - 60% - 3:19
2 - 34% - 40% - 1:41
Last Minute Offensive - 0:59
Last Minute Defensive - 0:00
Total
Forward - 65:00
Defense - 65:00
|
% Time on Ice - Staline
Lines # - Real PCT - Wanted PCT - Time Play
Normal Forward
1 - 33% - 40% - 13:46
2 - 25% - 30% - 10:20
3 - 27% - 20% - 11:13
4 - 16% - 10% - 6:49
Normal Defense
1 - 41% - 40% - 17:14
2 - 34% - 30% - 14:13
3 - 24% - 20% - 9:56
4 - 2% - 10% - 0:45
PP Forward
1 - 54% - 60% - 4:44
2 - 46% - 40% - 4:06
PP Defense
1 - 62% - 60% - 5:27
2 - 38% - 40% - 3:23
PK Forward
1 - 75% - 60% - 6:03
2 - 25% - 40% - 2:03
PK Defense
1 - 58% - 60% - 4:40
2 - 42% - 40% - 3:26
PK3 Forward
1 - 100% - 60% - 1:49
2 - 0% - 40% - 0:00
PK3 Defense
1 - 71% - 60% - 1:17
2 - 29% - 40% - 0:32
44 Forward
1 - 71% - 60% - 2:16
2 - 29% - 40% - 0:55
44 Defense
1 - 59% - 60% - 1:53
2 - 41% - 40% - 1:18
Last Minute Offensive - 0:00
Last Minute Defensive - 0:56
Total
Forward - 65:00
Defense - 65:00
|
Play by Play
1st period
0:01 of 1st period - Alyn McCauley wins face-off versus Yan Stastny in neutral zone.
0:08 of 1st period - Snap shot by Jere Lehtinen.
0:08 of 1st period - Stopped by Tobias Stephan without a rebound.
0:09 of 1st period - Yan Stastny wins face-off versus Alyn McCauley in Staline zone.
0:42 of 1st period - Snap shot by Jere Lehtinen.
0:42 of 1st period - Shot Hit the Post.
0:46 of 1st period - Snap shot by Jere Lehtinen.
0:46 of 1st period - Deflect By Alyn McCauley.
0:46 of 1st period - Stopped by Tobias Stephan without a rebound.
0:47 of 1st period - John Mitchell wins face-off versus Robert Dome in Staline zone.
1:14 of 1st period - Marc-André Bergeron is hit by Cam Janssen and loses puck.
1:45 of 1st period - Snap shot by Adam Pineault.
1:45 of 1st period - Stopped by Tobias Stephan with a rebound.
1:47 of 1st period - Snap shot by Adam Pineault.
1:47 of 1st period - Goal by Adam Pineault - Punishers : 1 - Staline : 0.
1:48 of 1st period - John Mitchell wins face-off versus Robert Dome in neutral zone.
1:57 of 1st period - Mike Grier is hit by T.J. Oshie and loses puck.
3:11 of 1st period - Wrist shot by James Sheppard.
3:11 of 1st period - Shot Blocked by Kris Chucko.
3:31 of 1st period - Snap shot by Mike Grier.
3:31 of 1st period - Shot Blocked by Theo Peckham.
3:33 of 1st period - Slapshot by Tom Gilbert.
3:33 of 1st period - Stopped by Tobias Stephan with a rebound.
3:35 of 1st period - Wrist shot by Mike Grier.
3:35 of 1st period - Shot Blocked by Stu Bickel.
3:53 of 1st period - Wrist shot by Brandon Prust.
3:53 of 1st period - Shot Misses the Net.
4:01 of 1st period - Theo Peckham is hit by Chris Conner and loses puck.
4:12 of 1st period - Mike Weber is hit by Stu Bickel and loses puck.
4:49 of 1st period - Wrist shot by Yan Stastny.
4:49 of 1st period - Shot Misses the Net.
4:51 of 1st period - Slapshot by Yan Stastny.
4:51 of 1st period - Stopped by Karri Ramo without a rebound.
4:52 of 1st period - Alyn McCauley wins face-off versus Yan Stastny in Punishers zone.
5:15 of 1st period - Snap shot by Devin Setoguchi.
5:15 of 1st period - Stopped by Karri Ramo without a rebound.
5:16 of 1st period - Dave Scatchard wins face-off versus John Mitchell in Punishers zone.
6:30 of 1st period - Slapshot by Cam Janssen.
6:30 of 1st period - Stopped by Karri Ramo with a rebound.
7:04 of 1st period - Off-side.
7:05 of 1st period - Alyn McCauley wins face-off versus James Sheppard in neutral zone.
7:42 of 1st period - Off-side.
7:43 of 1st period - John Mitchell wins face-off versus Yan Stastny in neutral zone.
8:09 of 1st period - Dave Scatchard is hit by Tanner Glass and loses puck.
8:48 of 1st period - Minor Penalty to Brandon McMillan for Hooking.
8:49 of 1st period - Jere Lehtinen wins face-off versus Devin Setoguchi in Punishers zone.
8:58 of 1st period - Jason Demers is hit by Yan Stastny and loses puck.
9:15 of 1st period - Tom Gilbert is hit by T.J. Oshie and loses puck.
10:48 of 1st period - Penalty to Brandon McMillan is over, Brandon McMillan is back on ice.
10:54 of 1st period - Snap shot by Jere Lehtinen.
10:54 of 1st period - Shot Blocked by Stu Bickel.
10:56 of 1st period - Snap shot by Mark Fraser.
10:56 of 1st period - Shot Blocked by Brandon Prust.
10:58 of 1st period - Wrist shot by Jere Lehtinen.
10:58 of 1st period - Shot Blocked by Mathieu Perreault.
11:00 of 1st period - Slapshot by Jean-Luc Grand-Pierre.
11:00 of 1st period - Stopped by Tobias Stephan without a rebound.
11:01 of 1st period - Mathieu Perreault wins face-off versus Kris Chucko in Staline zone.
11:12 of 1st period - Backhand shot by Adam Pineault.
11:12 of 1st period - Stopped by Tobias Stephan with a rebound.
11:26 of 1st period - Jimmie Olvestad is hit by Zac Rinaldo and loses puck.
11:45 of 1st period - Justin Falk is hit by Devin Setoguchi and loses puck.
11:52 of 1st period - Matt Generous is hit by Chris Conner and loses puck.
12:08 of 1st period - Minor Penalty to Tom Gilbert for Hooking.
12:09 of 1st period - Jere Lehtinen wins face-off versus Yan Stastny in Punishers zone.
12:18 of 1st period - Josh Gorges is hit by Jere Lehtinen and loses puck.
12:45 of 1st period - Snap shot by T.J. Oshie.
12:45 of 1st period - Shot Hit the Post.
13:49 of 1st period - Off-side.
13:50 of 1st period - Yan Stastny wins face-off versus Alyn McCauley in neutral zone.
14:08 of 1st period - Penalty to Tom Gilbert is over, Tom Gilbert is back on ice.
14:52 of 1st period - Wrist shot by James Sheppard.
14:52 of 1st period - Shot Misses the Net.
14:54 of 1st period - Snap shot by Stu Bickel.
14:54 of 1st period - Deflect By Alyn McCauley.
14:54 of 1st period - Stopped by Karri Ramo without a rebound.
14:55 of 1st period - John Mitchell wins face-off versus Dave Scatchard in Punishers zone.
15:24 of 1st period - Snap shot by Jere Lehtinen.
15:24 of 1st period - Shot Blocked by Brandon Prust.
15:26 of 1st period - Snap shot by Jere Lehtinen.
15:26 of 1st period - Stopped by Tobias Stephan without a rebound.
15:27 of 1st period - Jere Lehtinen wins face-off versus Yan Stastny in Staline zone.
15:35 of 1st period - Off-side.
15:36 of 1st period - Yan Stastny wins face-off versus Alyn McCauley in neutral zone.
16:05 of 1st period - Mason Raymond is hit by Mike Grier.
16:11 of 1st period - Backhand shot by Mason Raymond.
16:11 of 1st period - Stopped by Karri Ramo with a rebound.
16:30 of 1st period - Jean-Luc Grand-Pierre is hit by Dave Scatchard and loses puck.
17:07 of 1st period - Snap shot by J.T. Wyman.
17:07 of 1st period - Stopped by Karri Ramo with a rebound.
17:13 of 1st period - Slapshot by Josh Gorges.
17:13 of 1st period - Shot Misses the Net.
17:24 of 1st period - Off-side.
17:25 of 1st period - T.J. Oshie wins face-off versus Alyn McCauley in neutral zone.
17:32 of 1st period - Dave Scatchard is hit by Alyn McCauley and loses puck.
17:51 of 1st period - Devin Setoguchi is hit by Jimmie Olvestad and loses puck.
19:40 of 1st period - Wrist shot by Cam Janssen.
19:40 of 1st period - Shot Misses the Net.
19:42 of 1st period - Backhand shot by Josh Gorges.
19:42 of 1st period - Stopped by Karri Ramo with a rebound.
19:44 of 1st period - Snap shot by T.J. Fast.
19:44 of 1st period - Shot Blocked by Tanner Glass.
19:52 of 1st period - Wrist shot by Cam Janssen.
19:52 of 1st period - Stopped by Karri Ramo without a rebound.
19:53 of 1st period - Dave Scatchard wins face-off versus Alyn McCauley in Punishers zone.
Goals for this period are 1 for Punishers vs 0 for Staline.
Shots for this period are 8 for Punishers vs 8 for Staline.
2nd period
0:01 of 2nd period - Yan Stastny wins face-off versus Alyn McCauley in neutral zone.
0:16 of 2nd period - Snap shot by Mason Raymond.
0:16 of 2nd period - Shot Misses the Net.
0:45 of 2nd period - Cam Janssen is hit by Petteri Nokelainen and loses puck.
1:02 of 2nd period - Minor Penalty to Theo Peckham for Tripping.
1:03 of 2nd period - Yan Stastny wins face-off versus Alyn McCauley in Staline zone.
1:16 of 2nd period - Viktor Stalberg is hit by Yan Stastny and loses puck.
1:40 of 2nd period - Snap shot by Mike Grier.
1:40 of 2nd period - Deflect By John Mitchell.
1:40 of 2nd period - Shot Misses the Net.
1:40 of 2nd period - Puck is out of play.
1:41 of 2nd period - Alyn McCauley wins face-off versus Devin Setoguchi in Staline zone.
2:12 of 2nd period - Slapshot by Tom Gilbert.
2:12 of 2nd period - Stopped by Tobias Stephan with a rebound.
2:14 of 2nd period - Snap shot by Jimmie Olvestad.
2:14 of 2nd period - Stopped by Tobias Stephan without a rebound.
2:15 of 2nd period - John Mitchell wins face-off versus Devin Setoguchi in Staline zone.
2:18 of 2nd period - Snap shot by Jimmie Olvestad.
2:18 of 2nd period - Shot Blocked by Devin Setoguchi.
2:20 of 2nd period - Slapshot by Jean-Luc Grand-Pierre.
2:20 of 2nd period - Stopped by Tobias Stephan with a rebound.
2:24 of 2nd period - Snap shot by Jimmie Olvestad.
2:24 of 2nd period - Shot Misses the Net.
2:26 of 2nd period - Wrist shot by Mike Grier.
2:26 of 2nd period - Shot Misses the Net.
2:46 of 2nd period - Snap shot by Jere Lehtinen.
2:46 of 2nd period - Stopped by Tobias Stephan without a rebound.
2:47 of 2nd period - Alyn McCauley wins face-off versus Yan Stastny in Staline zone.
3:02 of 2nd period - Penalty to Theo Peckham is over, Theo Peckham is back on ice.
3:18 of 2nd period - Tom Gilbert is hit by T.J. Fast and loses puck.
3:23 of 2nd period - Wrist shot by Cam Janssen.
3:23 of 2nd period - Shot Misses the Net.
3:25 of 2nd period - Wrist shot by Cam Janssen.
3:25 of 2nd period - Shot Misses the Net.
3:55 of 2nd period - Wrist shot by Viktor Stalberg.
3:55 of 2nd period - Stopped by Tobias Stephan with a rebound.
3:57 of 2nd period - Wrist shot by Viktor Stalberg.
3:57 of 2nd period - Shot Misses the Net.
3:59 of 2nd period - Wrist shot by Jere Lehtinen.
3:59 of 2nd period - Stopped by Tobias Stephan with a rebound.
4:06 of 2nd period - Minor Penalty to Theo Peckham for Hooking.
4:07 of 2nd period - Yan Stastny wins face-off versus Alyn McCauley in Staline zone.
4:07 of 2nd period - Yan Stastny is hit by Jere Lehtinen.
4:18 of 2nd period - Slapshot by Marc-André Bergeron.
4:18 of 2nd period - Stopped by Tobias Stephan without a rebound.
4:19 of 2nd period - Yan Stastny wins face-off versus Alyn McCauley in Staline zone.
5:06 of 2nd period - Mason Raymond is hit by Mike Grier and loses puck.
6:00 of 2nd period - Viktor Stalberg is hit by Dave Scatchard and loses puck.
6:06 of 2nd period - Penalty to Theo Peckham is over, Theo Peckham is back on ice.
6:36 of 2nd period - Snap shot by Alyn McCauley.
6:36 of 2nd period - Deflect By Jere Lehtinen.
6:36 of 2nd period - Stopped by Tobias Stephan without a rebound.
6:37 of 2nd period - Petteri Nokelainen wins face-off versus Mathieu Perreault in Staline zone.
6:46 of 2nd period - Tyler Cuma is hit by Mark Fraser and loses puck.
7:37 of 2nd period - Wrist shot by Adam Pineault.
7:37 of 2nd period - Stopped by Tobias Stephan with a rebound.
7:39 of 2nd period - Snap shot by Kris Chucko.
7:39 of 2nd period - Stopped by Tobias Stephan without a rebound.
7:40 of 2nd period - Zac Rinaldo wins face-off versus John Mitchell in Staline zone.
8:07 of 2nd period - Slapshot by Jean-Luc Grand-Pierre.
8:07 of 2nd period - Deflect By Mason Raymond.
8:07 of 2nd period - Stopped by Tobias Stephan without a rebound.
8:08 of 2nd period - Petteri Nokelainen wins face-off versus Yan Stastny in Staline zone.
8:28 of 2nd period - Snap shot by Chris Conner.
8:28 of 2nd period - Shot Misses the Net.
8:30 of 2nd period - Wrist shot by Petteri Nokelainen.
8:30 of 2nd period - Stopped by Tobias Stephan without a rebound.
8:31 of 2nd period - Dave Scatchard wins face-off versus Alyn McCauley in Staline zone.
8:31 of 2nd period - Dave Scatchard is hit by Viktor Stalberg.
8:34 of 2nd period - Minor Penalty to Dave Scatchard for Tripping.
8:35 of 2nd period - Alyn McCauley wins face-off versus Yan Stastny in Staline zone.
8:42 of 2nd period - Off-side.
8:43 of 2nd period - Alyn McCauley wins face-off versus Yan Stastny in neutral zone.
10:34 of 2nd period - Penalty to Dave Scatchard is over, Dave Scatchard is back on ice.
11:08 of 2nd period - Kris Chucko is hit by Yan Stastny and loses puck.
11:33 of 2nd period - Slapshot by T.J. Fast.
11:33 of 2nd period - Stopped by Karri Ramo without a rebound.
11:34 of 2nd period - John Mitchell wins face-off versus Cam Janssen in Punishers zone.
11:34 of 2nd period - John Mitchell is hit by Devin Setoguchi.
11:48 of 2nd period - Adam Pineault is hit by Mason Raymond and loses puck.
11:59 of 2nd period - T.J. Fast is hit by Alyn McCauley and loses puck.
13:15 of 2nd period - Snap shot by Robert Dome.
13:15 of 2nd period - Shot Blocked by Jean-Luc Grand-Pierre.
13:17 of 2nd period - Wrist shot by Dave Scatchard.
13:17 of 2nd period - Stopped by Karri Ramo with a rebound.
13:19 of 2nd period - Wrist shot by Robert Dome.
13:19 of 2nd period - Goal by Robert Dome - Punishers : 1 - Staline : 1.
13:20 of 2nd period - Yan Stastny wins face-off versus Alyn McCauley in neutral zone.
13:22 of 2nd period - T.J. Fast is hit by Jason Demers and loses puck.
13:34 of 2nd period - Minor Penalty to Alyn McCauley for Roughing.
13:35 of 2nd period - Jere Lehtinen wins face-off versus Yan Stastny in Punishers zone.
14:28 of 2nd period - Snap shot by Mason Raymond.
14:28 of 2nd period - Goal by Mason Raymond - Punishers : 1 - Staline : 2.
14:29 of 2nd period - Devin Setoguchi wins face-off versus Alyn McCauley in neutral zone.
14:33 of 2nd period - Snap shot by Mason Raymond.
14:33 of 2nd period - Stopped by Karri Ramo with a rebound.
14:35 of 2nd period - Wrist shot by Yan Stastny.
14:35 of 2nd period - Shot Misses the Net.
14:37 of 2nd period - Wrist shot by Devin Setoguchi.
14:37 of 2nd period - Shot Blocked by Jason Demers.
14:39 of 2nd period - Wrist shot by Devin Setoguchi.
14:39 of 2nd period - Shot Misses the Net.
14:41 of 2nd period - Snap shot by Devin Setoguchi.
14:41 of 2nd period - Stopped by Karri Ramo with a rebound.
14:43 of 2nd period - Snap shot by Yan Stastny.
14:43 of 2nd period - Shot Misses the Net.
14:45 of 2nd period - Slapshot by Stu Bickel.
14:45 of 2nd period - Shot Misses the Net.
15:19 of 2nd period - Wrist shot by Brandon Prust.
15:19 of 2nd period - Shot Misses the Net.
15:25 of 2nd period - Snap shot by Mathieu Perreault.
15:25 of 2nd period - Shot Blocked by Jean-Luc Grand-Pierre.
15:27 of 2nd period - Slapshot by Theo Peckham.
15:27 of 2nd period - Stopped by Karri Ramo without a rebound.
15:28 of 2nd period - Yan Stastny wins face-off versus Alyn McCauley in Punishers zone.
16:03 of 2nd period - Wrist shot by Jimmie Olvestad.
16:03 of 2nd period - Shot Blocked by Josh Gorges.
16:05 of 2nd period - Slapshot by Mark Fraser.
16:05 of 2nd period - Shot Blocked by T.J. Fast.
16:23 of 2nd period - Slapshot by Tom Gilbert.
16:23 of 2nd period - Stopped by Tobias Stephan without a rebound.
16:24 of 2nd period - Alyn McCauley wins face-off versus Yan Stastny in Staline zone.
16:29 of 2nd period - Slapshot by Viktor Stalberg.
16:29 of 2nd period - Shot Misses the Net.
16:31 of 2nd period - Snap shot by Alyn McCauley.
16:31 of 2nd period - Deflect By Viktor Stalberg.
16:31 of 2nd period - Stopped by Tobias Stephan with a rebound.
16:52 of 2nd period - Off-side.
16:53 of 2nd period - Dave Scatchard wins face-off versus Mike Grier in neutral zone.
16:58 of 2nd period - Snap shot by Dave Scatchard.
16:58 of 2nd period - Shot Misses the Net.
17:08 of 2nd period - Slapshot by Jimmie Olvestad.
17:08 of 2nd period - Shot Blocked by T.J. Oshie.
17:10 of 2nd period - Wrist shot by Mike Grier.
17:10 of 2nd period - Shot Misses the Net.
17:12 of 2nd period - Snap shot by John Mitchell.
17:12 of 2nd period - Shot Misses the Net.
17:20 of 2nd period - Wrist shot by Mike Grier.
17:20 of 2nd period - Stopped by Tobias Stephan without a rebound.
17:21 of 2nd period - Alyn McCauley wins face-off versus Yan Stastny in Staline zone.
17:32 of 2nd period - Minor Penalty to Devin Setoguchi for Tripping.
17:33 of 2nd period - Alyn McCauley wins face-off versus Yan Stastny in Staline zone.
18:11 of 2nd period - Yan Stastny is hit by Tom Gilbert and loses puck.
19:10 of 2nd period - Josh Gorges is hit by Viktor Stalberg and loses puck.
19:32 of 2nd period - Penalty to Devin Setoguchi is over, Devin Setoguchi is back on ice.
19:38 of 2nd period - Devin Setoguchi is hit by Adam McQuaid and loses puck.
19:55 of 2nd period - Snap shot by Chris Conner.
19:55 of 2nd period - Shot Misses the Net.
19:57 of 2nd period - Wrist shot by Tanner Glass.
19:57 of 2nd period - Stopped by Tobias Stephan with a rebound.
19:59 of 2nd period - Snap shot by Petteri Nokelainen.
19:59 of 2nd period - Shot Misses the Net.
Goals for this period are 0 for Punishers vs 2 for Staline.
Shots for this period are 16 for Punishers vs 7 for Staline.
3rd period
0:01 of 3rd period - Jere Lehtinen wins face-off versus Yan Stastny in neutral zone.
0:15 of 3rd period - Jason Demers is hit by Josh Gorges and loses puck.
1:14 of 3rd period - Icing by Matt Generous.
1:15 of 3rd period - Zac Rinaldo wins face-off versus Alyn McCauley in Staline zone.
1:28 of 3rd period - Viktor Stalberg is hit by Matt Generous and loses puck.
1:35 of 3rd period - Snap shot by J.T. Wyman.
1:35 of 3rd period - Shot Misses the Net.
1:37 of 3rd period - Wrist shot by James Sheppard.
1:37 of 3rd period - Stopped by Karri Ramo without a rebound.
1:38 of 3rd period - Yan Stastny wins face-off versus John Mitchell in Punishers zone.
1:49 of 3rd period - Slapshot by Yan Stastny.
1:49 of 3rd period - Stopped by Karri Ramo without a rebound.
1:50 of 3rd period - Alyn McCauley wins face-off versus Yan Stastny in Punishers zone.
1:50 of 3rd period - Alyn McCauley is hit by Josh Gorges.
2:43 of 3rd period - Brandon Prust is hit by Tom Gilbert and loses puck.
3:02 of 3rd period - Wrist shot by Adam Pineault.
3:02 of 3rd period - Stopped by Tobias Stephan without a rebound.
3:03 of 3rd period - Alyn McCauley wins face-off versus Yan Stastny in Staline zone.
3:06 of 3rd period - Slapshot by Viktor Stalberg.
3:06 of 3rd period - Stopped by Tobias Stephan without a rebound.
3:07 of 3rd period - Yan Stastny wins face-off versus Alyn McCauley in Staline zone.
3:12 of 3rd period - Snap shot by Theo Peckham.
3:12 of 3rd period - Shot Misses the Net.
3:14 of 3rd period - Wrist shot by Yan Stastny.
3:14 of 3rd period - Stopped by Karri Ramo with a rebound.
4:07 of 3rd period - Snap shot by Stu Bickel.
4:07 of 3rd period - Shot Blocked by Kris Chucko.
4:20 of 3rd period - Off-side.
4:21 of 3rd period - Yan Stastny wins face-off versus Alyn McCauley in neutral zone.
4:26 of 3rd period - Slapshot by Mason Raymond.
4:26 of 3rd period - Deflect By Justin Falk.
4:26 of 3rd period - Shot Misses the Net.
4:26 of 3rd period - Puck is out of play.
4:27 of 3rd period - Yan Stastny wins face-off versus Alyn McCauley in Punishers zone.
4:34 of 3rd period - Slapshot by Mason Raymond.
4:34 of 3rd period - Stopped by Karri Ramo with a rebound.
5:08 of 3rd period - Snap shot by Yan Stastny.
5:08 of 3rd period - Stopped by Karri Ramo with a rebound.
5:17 of 3rd period - Icing by Mark Fraser.
5:18 of 3rd period - Tanner Glass wins face-off versus Dave Scatchard in Punishers zone.
5:49 of 3rd period - Snap shot by Brandon Prust.
5:49 of 3rd period - Deflect By Mathieu Perreault.
5:49 of 3rd period - Deflect By Tom Gilbert.
5:49 of 3rd period - Stopped by Karri Ramo with a rebound.
5:51 of 3rd period - Slapshot by Theo Peckham.
5:51 of 3rd period - Shot Misses the Net.
5:53 of 3rd period - Slapshot by Theo Peckham.
5:53 of 3rd period - Stopped by Karri Ramo with a rebound.
5:55 of 3rd period - Snap shot by Brandon Prust.
5:55 of 3rd period - Shot Misses the Net.
5:57 of 3rd period - Snap shot by Brandon Prust.
5:57 of 3rd period - Stopped by Karri Ramo with a rebound.
6:28 of 3rd period - Tom Gilbert is hit by Mason Raymond and loses puck.
6:51 of 3rd period - Snap shot by Mathieu Perreault.
6:51 of 3rd period - Shot Blocked by Tom Gilbert.
7:03 of 3rd period - Viktor Stalberg is hit by Zac Rinaldo and loses puck.
7:22 of 3rd period - Snap shot by Chris Conner.
7:22 of 3rd period - Shot Misses the Net.
7:56 of 3rd period - Kris Chucko is hit by Yan Stastny and loses puck.
8:26 of 3rd period - Snap shot by Chris Conner.
8:26 of 3rd period - Shot Misses the Net.
8:28 of 3rd period - Slapshot by Mark Fraser.
8:28 of 3rd period - Deflect By Stu Bickel.
8:28 of 3rd period - Stopped by Tobias Stephan without a rebound.
8:29 of 3rd period - Yan Stastny wins face-off versus Viktor Stalberg in Staline zone.
8:29 of 3rd period - Yan Stastny is hit by Mark Fraser.
8:43 of 3rd period - Snap shot by Viktor Stalberg.
8:43 of 3rd period - Stopped by Tobias Stephan with a rebound.
8:45 of 3rd period - Slapshot by Mark Fraser.
8:45 of 3rd period - Shot Misses the Net.
9:16 of 3rd period - Snap shot by Cam Janssen.
9:16 of 3rd period - Shot Blocked by Jason Demers.
9:18 of 3rd period - Slapshot by Cam Janssen.
9:18 of 3rd period - Deflect By Brandon Prust.
9:18 of 3rd period - Stopped by Karri Ramo with a rebound.
9:20 of 3rd period - Wrist shot by Brandon Prust.
9:20 of 3rd period - Stopped by Karri Ramo without a rebound.
9:21 of 3rd period - Mathieu Perreault wins face-off versus Jere Lehtinen in Punishers zone.
9:42 of 3rd period - Off-side.
9:43 of 3rd period - John Mitchell wins face-off versus Yan Stastny in neutral zone.
9:50 of 3rd period - Slapshot by Tom Gilbert.
9:50 of 3rd period - Stopped by Tobias Stephan with a rebound.
9:52 of 3rd period - Slapshot by Jason Demers.
9:52 of 3rd period - Shot Misses the Net.
10:08 of 3rd period - Mason Raymond is hit by Tanner Glass and loses puck.
10:31 of 3rd period - Alyn McCauley is hit by Josh Gorges and loses puck.
10:52 of 3rd period - Snap shot by Cam Janssen.
10:52 of 3rd period - Shot Hit the Post.
10:54 of 3rd period - Snap shot by T.J. Fast.
10:54 of 3rd period - Shot Misses the Net.
11:10 of 3rd period - Slapshot by Mathieu Perreault.
11:10 of 3rd period - Stopped by Karri Ramo without a rebound.
11:11 of 3rd period - John Mitchell wins face-off versus Zac Rinaldo in Punishers zone.
11:11 of 3rd period - John Mitchell is hit by Stu Bickel.
11:23 of 3rd period - Snap shot by James Sheppard.
11:23 of 3rd period - Stopped by Karri Ramo with a rebound.
11:25 of 3rd period - Slapshot by Zac Rinaldo.
11:25 of 3rd period - Shot Misses the Net.
11:27 of 3rd period - Slapshot by James Sheppard.
11:27 of 3rd period - Stopped by Karri Ramo without a rebound.
11:28 of 3rd period - Yan Stastny wins face-off versus Alyn McCauley in Punishers zone.
11:38 of 3rd period - Minor Penalty to Tom Gilbert for Holding.
11:39 of 3rd period - Yan Stastny wins face-off versus Jere Lehtinen in Punishers zone.
12:11 of 3rd period - Slapshot by Josh Gorges.
12:11 of 3rd period - Shot Blocked by Adam McQuaid.
13:38 of 3rd period - Penalty to Tom Gilbert is over, Tom Gilbert is back on ice.
13:44 of 3rd period - Wrist shot by Chris Conner.
13:44 of 3rd period - Goal by Chris Conner - Punishers : 2 - Staline : 2.
13:45 of 3rd period - Jimmie Olvestad wins face-off versus Robert Dome in neutral zone.
13:48 of 3rd period - Snap shot by Jean-Luc Grand-Pierre.
13:48 of 3rd period - Stopped by Tobias Stephan without a rebound.
13:49 of 3rd period - Dave Scatchard wins face-off versus John Mitchell in Staline zone.
13:49 of 3rd period - Dave Scatchard is hit by Jimmie Olvestad.
14:35 of 3rd period - Jere Lehtinen is hit by Stu Bickel and loses puck.
14:43 of 3rd period - Minor Penalty to Jean-Luc Grand-Pierre for Tripping.
14:44 of 3rd period - Mason Raymond wins face-off versus Jere Lehtinen in Punishers zone.
15:18 of 3rd period - Wrist shot by Dave Scatchard.
15:18 of 3rd period - Shot Misses the Net.
16:43 of 3rd period - Penalty to Jean-Luc Grand-Pierre is over, Jean-Luc Grand-Pierre is back on ice.
16:53 of 3rd period - Wrist shot by J.T. Wyman.
16:53 of 3rd period - Stopped by Karri Ramo with a rebound.
16:55 of 3rd period - Snap shot by Zac Rinaldo.
16:55 of 3rd period - Stopped by Karri Ramo without a rebound.
16:56 of 3rd period - Petteri Nokelainen wins face-off versus Zac Rinaldo in Punishers zone.
16:56 of 3rd period - Petteri Nokelainen is hit by Zac Rinaldo.
17:05 of 3rd period - Wrist shot by J.T. Wyman.
17:05 of 3rd period - Shot Misses the Net.
17:07 of 3rd period - Slapshot by James Sheppard.
17:07 of 3rd period - Shot Misses the Net.
17:09 of 3rd period - Wrist shot by Zac Rinaldo.
17:09 of 3rd period - Shot Misses the Net.
17:13 of 3rd period - Slapshot by J.T. Wyman.
17:13 of 3rd period - Goal by J.T. Wyman - Punishers : 2 - Staline : 3.
17:14 of 3rd period - Petteri Nokelainen wins face-off versus Mathieu Perreault in neutral zone.
17:39 of 3rd period - T.J. Fast is hit by Jimmie Olvestad.
17:43 of 3rd period - Snap shot by Cam Janssen.
17:43 of 3rd period - Shot Blocked by Tom Gilbert.
17:45 of 3rd period - Slapshot by Theo Peckham.
17:45 of 3rd period - Shot Misses the Net.
17:47 of 3rd period - Snap shot by Brandon Prust.
17:47 of 3rd period - Stopped by Karri Ramo with a rebound.
17:49 of 3rd period - Snap shot by Brandon Prust.
17:49 of 3rd period - Shot Misses the Net.
17:51 of 3rd period - Snap shot by Stu Bickel.
17:51 of 3rd period - Stopped by Karri Ramo with a rebound.
18:09 of 3rd period - Slapshot by Jere Lehtinen.
18:09 of 3rd period - Stopped by Tobias Stephan without a rebound.
18:10 of 3rd period - Alyn McCauley wins face-off versus Yan Stastny in Staline zone.
18:11 of 3rd period - Snap shot by Viktor Stalberg.
18:11 of 3rd period - Shot Misses the Net.
18:17 of 3rd period - Snap shot by Viktor Stalberg.
18:17 of 3rd period - Shot Blocked by T.J. Fast.
18:19 of 3rd period - Slapshot by Jere Lehtinen.
18:19 of 3rd period - Stopped by Tobias Stephan with a rebound.
18:21 of 3rd period - Slapshot by Alyn McCauley.
18:21 of 3rd period - Shot Misses the Net.
18:23 of 3rd period - Snap shot by Alyn McCauley.
18:23 of 3rd period - Stopped by Tobias Stephan with a rebound.
18:25 of 3rd period - Wrist shot by Alyn McCauley.
18:25 of 3rd period - Shot Misses the Net.
18:44 of 3rd period - Snap shot by Petteri Nokelainen.
18:44 of 3rd period - Shot Misses the Net.
19:04 of 3rd period - Punishers, Karri Ramo is pulled from the net.
19:14 of 3rd period - Wrist shot by Viktor Stalberg.
19:14 of 3rd period - Stopped by Tobias Stephan with a rebound.
19:28 of 3rd period - Wrist shot by Viktor Stalberg.
19:28 of 3rd period - Shot Misses the Net.
19:30 of 3rd period - Wrist shot by Tom Gilbert.
19:30 of 3rd period - Shot Misses the Net.
19:32 of 3rd period - Snap shot by Viktor Stalberg.
19:32 of 3rd period - Stopped by Tobias Stephan without a rebound.
19:33 of 3rd period - John Anderson call a timeout for Punishers.
19:33 of 3rd period - Alyn McCauley wins face-off versus Yan Stastny in Staline zone.
19:42 of 3rd period - Snap shot by Alyn McCauley.
19:42 of 3rd period - Shot Misses the Net.
19:44 of 3rd period - Backhand shot by Jason Demers.
19:44 of 3rd period - Stopped by Tobias Stephan with a rebound.
19:46 of 3rd period - Slapshot by Jere Lehtinen.
19:46 of 3rd period - Goal by Jere Lehtinen - Punishers : 3 - Staline : 3.
19:46 of 3rd period - Karri Ramo from Punishers was sent back in the game.
19:47 of 3rd period - Mathieu Perreault wins face-off versus Petteri Nokelainen in neutral zone.
19:49 of 3rd period - Minor Penalty to Theo Peckham for Delaying the game.
19:50 of 3rd period - Yan Stastny wins face-off versus Jere Lehtinen in Staline zone.
Goals for this period are 2 for Punishers vs 1 for Staline.
Shots for this period are 14 for Punishers vs 18 for Staline.
Overtime #1
0:01 of 1st overtime period - Yan Stastny wins face-off versus Jere Lehtinen in neutral zone.
0:12 of 1st overtime period - Snap shot by Jere Lehtinen.
0:12 of 1st overtime period - Shot Misses the Net.
0:44 of 1st overtime period - Off-side.
0:45 of 1st overtime period - Chris Conner wins face-off versus J.T. Wyman in neutral zone.
1:08 of 1st overtime period - Snap shot by Chris Conner.
1:08 of 1st overtime period - Stopped by Tobias Stephan with a rebound.
1:10 of 1st overtime period - Wrist shot by Marc-André Bergeron.
1:10 of 1st overtime period - Deflect By Adam Pineault.
1:10 of 1st overtime period - Shot Blocked by J.T. Wyman.
1:10 of 1st overtime period - Puck is out of play.
1:11 of 1st overtime period - Jere Lehtinen wins face-off versus Yan Stastny in Staline zone.
1:12 of 1st overtime period - Wrist shot by Mike Grier.
1:12 of 1st overtime period - Shot Misses the Net.
1:49 of 1st overtime period - Penalty to Theo Peckham is over, Theo Peckham is back on ice.
1:57 of 1st overtime period - Snap shot by Theo Peckham.
1:57 of 1st overtime period - Stopped by Karri Ramo without a rebound.
1:58 of 1st overtime period - Alyn McCauley wins face-off versus Yan Stastny in Punishers zone.
2:09 of 1st overtime period - Wrist shot by Alyn McCauley.
2:09 of 1st overtime period - Stopped by Tobias Stephan with a rebound.
2:11 of 1st overtime period - Snap shot by Alyn McCauley.
2:11 of 1st overtime period - Shot Misses the Net.
2:49 of 1st overtime period - Jason Demers is hit by Stu Bickel.
2:58 of 1st overtime period - Josh Gorges is hit by Chris Conner and loses puck.
4:18 of 1st overtime period - Viktor Stalberg is hit by Brandon Prust.
4:46 of 1st overtime period - Snap shot by Devin Setoguchi.
4:46 of 1st overtime period - Stopped by Karri Ramo without a rebound.
4:47 of 1st overtime period - Chris Conner wins face-off versus Devin Setoguchi in Punishers zone.
Goals for this period are 0 for Punishers vs 0 for Staline.
Shots for this period are 2 for Punishers vs 2 for Staline.
ShootOut
5:00 of 1st overtime period - Penalty Shot by Jere Lehtinen for Punishers.
5:00 of 1st overtime period - Deke by Jere Lehtinen.
5:00 of 1st overtime period - Stopped by Tobias Stephan.
5:00 of 1st overtime period - Penalty Shot by Yan Stastny for Staline.
5:00 of 1st overtime period - Deke by Yan Stastny.
5:00 of 1st overtime period - Shot Misses the Net.
5:00 of 1st overtime period - Penalty Shot by Mike Grier for Punishers.
5:00 of 1st overtime period - Wrist shot by Mike Grier.
5:00 of 1st overtime period - Goal by Mike Grier.
5:00 of 1st overtime period - Penalty Shot by Dave Scatchard for Staline.
5:00 of 1st overtime period - Wrist shot by Dave Scatchard.
5:00 of 1st overtime period - Shot Misses the Net.
5:00 of 1st overtime period - Penalty Shot by Alyn McCauley for Punishers.
5:00 of 1st overtime period - Backhand shot by Alyn McCauley.
5:00 of 1st overtime period - Goal by Alyn McCauley.
Output by the SimonT Hockey Simulator (STHS) for François Prévost -- Original Page W3C XHTML 1.0 Valid